 Dungeon Crawl Stone Soup version 0.22.1-5-g62c59d9 (webtiles) character file.

41 Goblin1989 the Chopper (level 3, 0/29 HPs)
             Began as a Demonspawn Abyssal Knight on Jan 8, 2019.
             Was a Follower of Lugonu.
             Slain by a bullfrog zombie (3 damage)
             ... on level 2 of the Dungeon.
             The game lasted 00:03:38 (1261 turns).

Goblin1989 the Chopper (Demonspawn Abyssal Knight)  Turns: 1261, Time: 00:03:39

Health: 0/29       AC:  5    Str: 13    XL:     3   Next: 32%
Magic:  4/4        EV: 10    Int: 13    God:    Lugonu [*.....]
Gold:   31         SH:  0    Dex: 12    Spells: 2/2 levels left

rFire    . . .     SeeInvis .   a - +1 hand axe
rCold    . . .     Gourm    .   (no shield)
rNeg     . . .     Faith    .   i - +0 ring mail
rPois    .         Spirit   .   (no helmet)
rElec    .         Reflect  .   (no cloak)
rCorr    .         Harm     .   (no gloves)
MR       .....                  (no boots)
Stlth    +.........             (no amulet)
HPRegen  0.09/turn              (no ring)
MPRegen  0.09/turn              (no ring)

@: no status effects
A: powered by pain 1
a: Depart the Abyss, Renounce Religion


You were on level 2 of the Dungeon.
You worshipped Lugonu.
Lugonu was aware of your devotion.
You were not hungry.

You visited 1 branch of the dungeon, and saw 2 of its levels.
You visited the Abyss 1 time.

You collected 31 gold pieces.

Inventory:

Hand Weapons
 a - a +1 hand axe (weapon)
Missiles
 f - 34 bolts
 h - 48 stones (quivered) {@Q3}
Armour
 i - a +0 ring mail (worn)
Scrolls
 j - a scroll of teleportation {unknown}
 m - a scroll of immolation {unknown}
 p - a scroll of remove curse {unknown}
Potions
 k - a potion of brilliance {unknown}
 l - a potion of resistance {unknown}
 o - a potion of invisibility {unknown}
Comestibles
 e - a ration
 q - 2 chunks of flesh


   Skills:
 - Level 3.0 Fighting
 + Level 3.4 Axes
 - Level 1.7 Armour
 - Level 0.8 Dodging
 - Level 2.4 Invocations


You had 2 spell levels left.
You didn't know any spells.
Your spell library was empty.

Dungeon Overview and Level Annotations

Branches:
Dungeon (2/15)

Altars:


Innate Abilities, Weirdness & Mutations

You sometimes gain a little power by taking damage.


Message History

No target in view!
No target in view!
No target in view!
No target in view!
No target in view!
No target in view!
No target in view!
No target in view!
No target in view!
No target in view!
No target in view!
You butcher the frilled lizard corpse.
q - 2 chunks of flesh (gained 1)
A bullfrog zombie comes into view.
A bullfrog zombie is nearby!
An adder comes into view.
The adder hisses angrily.
The bullfrog zombie hits you. x2
You take 6 damage, and have 23/29 hp.
MASSIVE DAMAGE!!
You hit the bullfrog zombie.
The bullfrog zombie is lightly damaged.
The bullfrog zombie barely misses you.
You hit the bullfrog zombie.
The bullfrog zombie is moderately damaged.
The bullfrog zombie hits you. The adder barely misses you.
The bullfrog zombie barely misses you.
You take 2 damage, and have 21/29 hp.
You hit the bullfrog zombie.
The bullfrog zombie is moderately damaged.
You hit the adder. The adder bites you but does no damage.
The bullfrog zombie hits you.
You take 3 damage, and have 18/29 hp.
You closely miss the bullfrog zombie.
The bullfrog zombie is moderately damaged.
You completely miss the adder. The adder barely misses you.
The bullfrog zombie barely misses you. The adder bites you but does no damage.
The bullfrog zombie hits you.
You take 2 damage, and have 16/29 hp.
You are too injured to fight recklessly!
You are too injured to fight recklessly!
You are too injured to fight recklessly!
You are too injured to fight recklessly!
You are too injured to fight recklessly!
You are too injured to fight recklessly!
You are too injured to fight recklessly!
You are too injured to fight recklessly!
You are too injured to fight recklessly!
You are too injured to fight recklessly!
You are too injured to fight recklessly!
You are too injured to fight recklessly!
You are too injured to fight recklessly!
You are too injured to fight recklessly!
You are too injured to fight recklessly!
You are too injured to fight recklessly!
You are too injured to fight recklessly!
You are too injured to fight recklessly!
You are too injured to fight recklessly!
You are too injured to fight recklessly!
You are too injured to fight recklessly!
You are too injured to fight recklessly!
You are too injured to fight recklessly!
Unknown command.
You are too injured to fight recklessly!
You slash the adder!
The adder is severely wounded.
You hit the bullfrog zombie. The adder bites you but does no damage.
The bullfrog zombie misses you.
Unknown command.
You miss the adder.
The adder is severely wounded.
You hit the bullfrog zombie. The adder bites you but does no damage.
The bullfrog zombie barely misses you. The adder closely misses you.
Unknown command.
You barely miss the adder.
The adder is severely wounded.
You hit the bullfrog zombie. The bullfrog zombie barely misses you.
The adder bites you but does no damage. The bullfrog zombie hits you.
* * * LOW HITPOINT WARNING * * *
You take 5 damage, and have 11/29 hp.
Unknown command.
You miss the adder.
The adder is severely wounded.
You completely miss the bullfrog zombie.
The adder misses you.
The bullfrog zombie completely misses you.
The adder closely misses you.
Unknown command.
You closely miss the adder.
The adder is severely wounded.
You hit the bullfrog zombie. The bullfrog zombie hits you.
* * * LOW HITPOINT WARNING * * *
The adder bites you but does no damage. The bullfrog zombie hits you.
* * * LOW HITPOINT WARNING * * *
You take 9 damage, and have 2/29 hp.
MASSIVE DAMAGE!!
You slash the adder!
You kill the adder!
Lugonu accepts your kill.
You hit the bullfrog zombie but do no damage.
The bullfrog zombie hits you.
You die...

....██.██.██....█.████
.......██.███.█.█....█
.......█........██...█
..........███....█...█
........█.█ █.██.█...█
........█.█ █.██.█...█
........█ █........█
....>...█ ███......█
........█. ██@....█
...............Z...........
........█.████████.....█..█
......... █.!.....██
█...█.... ██..█...█
...██.█.. █..█...█ ......█
. ██.█ █.█ ...████ $. .█
...█


You could see a bullfrog zombie.

Vanquished Creatures
  2 adders (D:2)
  A leopard gecko (D:1)
  A ball python (D:1)
  2 bats
  2 giant cockroaches
  2 hobgoblins (D:1)
  2 kobolds
  3 frilled lizards
  4 goblins (D:1)
  3 rats (D:1)
22 creatures vanquished.

Notes
Turn   | Place    | Note
-------+----------+-------------------------------------------
     0 | Abyss:1  | Goblin1989 the Demonspawn Abyssal Knight began the quest
                  | for the Orb.
     0 | Abyss:1  | Reached XP level 1. HP: 18/18 MP: 2/2
    58 | Abyss:1  | Noticed a wretched star
    59 | D:1      | Escaped the Abyss
   392 | D:1      | Gained mutation: You sometimes gain a little power by
                  | taking damage. [demonic ancestry]
   392 | D:1      | Reached XP level 2. HP: 22/24 MP: 3/3
   763 | D:1      | Reached * piety under Lugonu
  1081 | D:2      | Reached XP level 3. HP: 27/29 MP: 4/4
  1261 | D:2      | Slain by a bullfrog zombie

Skill      XL: |  1  2 |
---------------+-------+-----
Axes           | 2 3 |  3.4
Fighting       | |  3.0
Armour         | |  1.7
Dodging        | |  0.8
Invocations    | |  2.4

Action                   || total
-------------------------++-------
Melee: Hand axe          ||    73
Invok: Depart the Abyss  ||     1
  Eat: Chunk             ||     1
Armor: Leather armour    ||     4
       Ring mail         ||    30
Dodge: Dodged            ||    54

Vault maps used:
D:1:      onia_arrival_mini_spirals
D:2:      chequers_ecumenical_altar_simple_redux, uniq_natasha
Abyss:1:  minivault_13
